 Dungeon Crawl Stone Soup version 0.25-a0-1073-gf4359a17dd (webtiles) character file.

Game seed: 8299826563080683856, levelgen mode: deterministic

372682 BenSoosneb the Ninja (level 21, -19/103 HPs)
             Began as a Spriggan Enchanter on May 13, 2020.
             Was the Champion of Dithmenos.
             Demolished by an Executioner (25 damage)
             ... summoned by a deep elf demonologist
             ... led by an ironheart preserver
             ... on level 5 of the Vaults on May 14, 2020.
             The game lasted 07:24:40 (92360 turns).

BenSoosneb the Ninja (Spriggan Enchanter)          Turns: 92360, Time: 07:24:42

Health: -19/103    AC:  7    Str: 11    XL:     21   Next: 73%
Magic:  0/45       EV: 39    Int: 40    God:    Dithmenos [******]
Gold:   3839       SH:  0    Dex: 17    Spells: 15/41 levels left

rFire    . . .     SeeInvis +   b - +4 quick blade (vamp)
rCold    + + +     Gourm    .   (shield restricted)
rNeg     + . .     Faith    .   O - +2 robe {rN+}
rPois    +         Spirit   +   (helmet restricted)
rElec    +         Reflect  .   J - +2 cloak of Grace {rF+ rC+ Str+4 Int+3}
rCorr    .         Harm     .   (gloves unavailable)
MR       +++..                  (boots unavailable)
Stlth    ++++++++++             M - amulet of Gozeh {Spirit rElec Str+3 Int+3}
HPRegen  0.27/turn              H - ring of Gusch {rPois MP+9}
MPRegen  0.29/turn              y - ring of Salvation {rElec rF- rC+++ EV+4 Int+6}

@: wreathed by umbra, very quick
A: very small, unfitting armour, see invisible, clever 1, herbivore, speed 3,
slow metabolism 2
}: 2/15 runes: decaying, serpentine
a: Shadow Step, Shadow Form, Renounce Religion


You were on level 5 of the Vaults.
You worshipped Dithmenos.
Dithmenos was exalted by your worship.
You were not hungry.

You visited 8 branches of the dungeon, and saw 39 of its levels.

You collected 5766 gold pieces.
You spent 1927 gold pieces at shops.

Inventory:

Hand Weapons
 a - a +2 vorpal dagger
 b - a +4 vampiric quick blade (weapon)
 i - a +2 dagger of speed
Armour
 I - the +9 scales of the Dragon King {rPois rF+ rC+ MR+}
   (You found it on level 4 of the Swamp)

   It protects you from fire.
   It protects you from cold.
   It protects you from poison.
   It affects your resistance to hostile enchantments.
 J - the +2 cloak of Grace (worn) {rF+ rC+ Str+4 Int+3}
   (You found it on level 4 of the Lair of Beasts)

   It affects your strength (+4).
   It affects your intelligence (+3).
   It protects you from fire.
   It protects you from cold.
 O - a +2 robe of positive energy (worn)
Jewellery
 y - the ring of Salvation (right hand) {rElec rF- rC+++ EV+4 Int+6}
   (You found it on level 6 of the Lair of Beasts)

   [ring of evasion]

   It affects your evasion (+4).
   It affects your intelligence (+6).
   It makes you vulnerable to fire.
   It renders you almost immune to cold.
   It insulates you from electricity.
 D - an uncursed amulet of magic regeneration
 H - the ring of Gusch (left hand) {rPois MP+9}
   (You acquired it on level 5 of the Lair of Beasts)

   [ring of magical power]

   It protects you from poison.
   It affects your magic capacity (+9).
 L - an uncursed ring of magical power
 M - the amulet of Gozeh (around neck) {Spirit rElec Str+3 Int+3}
   (You bought it in a shop on level 2 of the Orcish Mines)

   [amulet of guardian spirit]

   It causes incoming damage to be split between your health and magic.
   It affects your strength (+3).
   It affects your intelligence (+3).
   It insulates you from electricity.
 Q - the ring of Myepsodgh {*Contam +Inv rN+ MR+ Int+2}
   (You found it on level 3 of the Snake Pit)

   [ring of intelligence]

   It affects your intelligence (+2).
   It protects you from negative energy.
   It affects your resistance to hostile enchantments.
   It lets you turn invisible.
   It causes magical contamination when unequipped.
 U - an uncursed amulet of the acrobat
Wands
 f - a wand of polymorph (9)
 g - a wand of flame (37)
 k - a wand of enslavement (21)
 l - a wand of clouds (18)
 p - a wand of disintegration (12)
 P - a wand of paralysis (9)
 V - a wand of acid (27)
 Y - a wand of iceblast (9)
Scrolls
 e - 7 scrolls of amnesia
 m - 7 scrolls of fog
 n - 5 scrolls of enchant armour
 o - 6 scrolls of fear
 v - 19 scrolls of remove curse
 x - 7 scrolls of enchant weapon
 B - 6 scrolls of magic mapping
 G - 6 scrolls of identify
 K - 2 scrolls of brand weapon
 W - 3 scrolls of summoning
Potions
 c - 8 potions of cancellation
 h - 12 potions of lignification
 j - a potion of berserk rage
 q - 5 potions of haste
 r - 6 potions of curing
 s - 4 potions of might
 t - 3 potions of stabbing
 w - a potion of resistance
 z - 5 potions of invisibility
 A - 7 potions of brilliance
 C - 4 potions of ambrosia
 E - 5 potions of mutation
 F - 5 potions of flight
 S - a potion of heal wounds
Comestibles
 d - 17 rations


   Skills:
 - Level 8.5 Fighting
 * Level 16.3 Short Blades
 - Level 21.3 Dodging
 O Level 27 Stealth
 - Level 10.8 Spellcasting
 - Level 12.6 Conjurations
 - Level 18.5 Hexes
 - Level 12.4 Translocations


You had 15 spell levels left.
You knew the following spells:

 Your Spells              Type           Power        Failure   Level  Hunger
a - Corona                Hex            #######      0%          1    None
b - Ensorcelled Hibernat  Hex/Ice        ######       1%          2    None
c - Confusing Touch       Hex            ########     0%          3    None
d - Slow                  Hex            ########     0%          2    None
e - Tukima's Dance        Hex            ########     0%          3    None
f - Dazzling Flash        Conj/Hex       ######       0%          3    None
g - Blink                 Tloc           N/A          0%          2    None
h - Invisibility          Hex            ########     1%          6    ###....
i - Iskenderun's Mystic   Conj/Tloc      #######.     1%          4    None

Your spell library contained the following spells:

 Spells                   Type           Power        Failure   Level  Hunger
 Apportation              Tloc           ######       0%          1    None
 Magic Dart               Conj           ####         0%          1    None
 Searing Ray              Conj           ######       0%          2    None
 Cause Fear               Hex            ########..   0%          4    None
 Freeze                   Ice            ###.         1%          1    None
 Infusion                 Chrm           ###.         1%          1    None
 Shock                    Conj/Air       ####         1%          1    None
 Sting                    Tmut/Pois      ###.         1%          1    None
 Summon Butterflies       Summ           ###.....     1%          1    None
 Shroud of Golubria       Chrm/Tloc      ######       1%          2    None
 Conjure Flame            Conj/Fire      ######..     1%          3    None
 Gell's Gravitas          Tloc           #######...   1%          3    None
 Lesser Beckoning         Tloc           #######...   1%          3    None
 Mephitic Cloud           Conj/Pois/Air  ######..     1%          3    None
 Spectral Weapon          Hex/Chrm       #######.     1%          3    None
 Static Discharge         Conj/Air       ######..     1%          3    None
 Stone Arrow              Conj/Erth      ######       1%          3    None
 Fulminant Prism          Conj/Hex       #######...   1%          4    None
 Hailstorm                Conj/Ice       ######..     1%          4    None
 Metabolic Englaciation   Hex/Ice        #######...   1%          5    None
 Silence                  Hex/Air        #######...   1%          5    None
 Summon Mana Viper        Hex/Summ       #######.     1%          5    None
 Yara's Violent Unravell  Hex/Tmut       #######...   1%          5    None
 Darkness                 Hex            ########..   1%          6    ###....
 Call Imp                 Summ           ###.....     2%          2    None
 Corpse Rot               Necr/Air       N/A          2%          2    None
 Poisonous Vapours        Pois/Air       ###...       2%          2    None
 Song of Slaying          Chrm           ###.....     2%          2    None
 Swiftness                Chrm/Air       ###.....     2%          2    None
 Iskenderun's Battlesphe  Conj/Chrm      ######..     3%          5    None
 Lightning Bolt           Conj/Air       ######....   3%          5    None
 Summon Forest            Summ/Tloc      ######....   3%          5    None
 Call Canine Familiar     Summ           ###.....     4%          3    None
 Frozen Ramparts          Ice            ###...       4%          3    None
 Ignite Poison            Fire/Tmut/Pois ###.....     4%          3    None
 Ozocubu's Armour         Chrm/Ice       ###.....     4%          3    None
 Discord                  Hex            ########..   5%          8    ######.
 Bolt of Magma            Conj/Fire/Erth ######....   8%          5    None
 Orb of Destruction       Conj           #######...   8%          7    #####..
 Airstrike                Air            ###.......   16%         4    None
 Olgreb's Toxic Radiance  Pois           ###.....     16%         4    None
 Petrify                  Tmut/Erth      ###.....     16%         4    None
 Summon Ice Beast         Ice/Summ       ###.....     16%         4    None
 Iron Shot                Conj/Erth      ######....   19%         6    ###....
 Alistair's Intoxication  Tmut/Pois      ###.....     41%         5    None
 Borgnjor's Vile Clutch   Necr/Erth      ###.......   41%         5    None
 Freezing Cloud           Conj/Ice/Air   ######....   41%         6    ###....
 Spellforged Servitor     Conj/Summ      ######....   71%         7    #####..
 Eringya's Noxious Bog    Tmut/Pois      ###.......   94%         6    ###....
 Hydra Form               Tmut           ###.......   94%         6    ###....
 Shadow Creatures         Summ           N/A          94%         6    ###....
 Ring of Flames           Chrm/Fire      ###.......   100%        7    #####..
 Summon Hydra             Summ           ###.......   100%        7    #####..


Dungeon Overview and Level Annotations

Branches:
Dungeon (15/15)            Temple (1/1) D:7            Lair (6/6) D:8
  Swamp (4/4) Lair:3        Snake (4/4) Lair:3        Slime (0/5) Lair:5
    Orc (2/2) D:10            Elf (2/3) Orc:2        Vaults (5/5) D:14
  Crypt (0/3) Vaults:2     Depths (0/5) D:15

Altars:
Ashenzari
Cheibriados
Dithmenos
Elyvilon
Fedhas
Gozag
Hepliaklqana
Kikubaaqudgha
Makhleb
Nemelex Xobeh
Okawaru
Qazlal
Ru
Sif Muna
Trog
Uskayaw
Vehumet
Wu Jian
Xom
Yredelemnul
Zin
The Shining One
Beogh

Shops:
D:6 *   D:8 *   D:10 [   D:11 %   Orc:2 =(}!   Snake:3 =   Vaults:2 ?
Vaults:4 !

Portals:
Trove: D:12 (lose all piety)

Annotations:
D:7 Flugslaktarn's ghost, novice FoFi
D:12 exclusion: 2 orange crystal statues
Lair:4 1 runed translucent door, MisterFreud's ghost, journeyman OpGl
Swamp:2 3 runed translucent doors, Erphumos's ghost, journeyman DDFi
Swamp:4 exclusion: oklob plant


Innate Abilities, Weirdness & Mutations

You are very small and have problems with some larger weapons.
You are too small for most types of armour.
You have supernaturally acute eyesight. (SInv)
You are a herbivore.
You cover ground extremely quickly.
You need to consume almost no food.
Your mind is acute. (Int +2)


Message History

The Executioner misses you.
The vault warden hits your +2 great sword of holy wrath but does no damage.
Your +2 great sword of holy wrath hits the vault warden!
The Executioner completely misses you. The Executioner closely misses you.
The Executioner completely misses you.
Casting: Blink (safe; 0% risk of failure)
Confirm with . or Enter, or press ? or * to list all spells.
You blink.
The Executioner hits you!!
* * * LOW HITPOINT WARNING * * *
You emit a cloud of dark smoke.
The Executioner barely misses you. The Executioner completely misses you.
The deep elf annihilator casts a spell.
The deep elf annihilator blinks!
The Tzitzimitl calls on the powers of darkness!
The red very ugly thing convulses!
The deep elf demonologist convulses!
The deep elf archer convulses!
Your body is wracked with pain!
* * * LOW HITPOINT WARNING * * *
The vault warden convulses!
The Executioner hits you!!
You die...

..# ....## ..# .....#. ..#
....... e.# #......
(.##.(..... ..#[..# .(.((##
§§p§#######################
3e§§(.........§§@..p.......
§ep§1e.......§31§..(..p....
§§§§..(u...ee..............
§§§§§(..e....1u...........p
§§§§#######################
..(.... e.#e### ..#.# ..#.#


You could see a Tzitzimitl (summoned), a red very ugly thing, a vault warden, a
deep elf annihilator, an Executioner (summoned, fast), a sun demon (summoned), a
vault sentinel, a deep elf archer (repels missiles) and a friendly +2 great
sword of holy wrath.

Vanquished Creatures
  Nikola (Swamp:1)
  A bone dragon (Swamp:4)
  A quicksilver dragon (Vaults:5)
  Asterion (Vaults:1)
  2 sphinxes
  A deep elf blademaster (Elf:2)
  Frances (D:13)
  2 tengu reavers (Vaults:5)
  A shadow dragon (Vaults:2)
  2 thorn hunters
  3 deep elf sorcerers
  7 nagarajas
  2 fire giants
  11 vault wardens
  A frost giant (Vaults:4)
  2 orc warlords
  2 ghouls
  2 emperor scorpions (shapeshifter) (Vaults:4)
  5 very ugly things
  16 ironheart preservers
  An entropy weaver (Vaults:1)
  5 stone giants
  2 deep elf demonologists
  4 deep elf annihilators
  2 deep elf death magi
  Snorg (Lair:3)
  A fire dragon (Vaults:2)
  A jiangshi (Vaults:2)
  2 ettins (Vaults:4)
  2 deep elf high priests
  2 great orbs of eyes (Vaults:4)
  8 yaktaur captains
  A hydra (shapeshifter) (Vaults:4)
  26 vault guards
  5 hydras
  6 ghost crabs
  13 naga warriors
  2 rakshasas (Vaults:2)
  2 shambling mangroves
  15 anacondas
  8 centaur warriors
  3 death knights
  34 two-headed ogres
  30 dancing weapons
  Erica (D:8)
  13 ogre magi
  A deep troll shaman (Vaults:1)
  9 alligators
  2 deep troll earth magi (Vaults:1)
  4 shock serpents
  11 naga sharpshooters
  A hell knight (Vaults:5)
  A fire crab (shapeshifter) (D:13)
  29 deep elf knights
  2 shadow wraiths
  3 skeletal warriors
  A salamander mystic (Snake:4)
  2 deep trolls (Vaults:1)
  3 unseen horrors
  2 flayed ghosts
  A spriggan druid (Swamp:2)
  4 sea snakes
  4 naga ritualists
  2 spectral hydras (Swamp:4)
  4 wizards
  14 ironbrand convokers
  26 deep elf archers
  A harpy (shapeshifter) (Elf:1)
  4 swamp dragons
  A mana viper (shapeshifter) (Vaults:4)
  4 necromancers
  20 orc knights
  Pikel (D:6)
  3 lindwurms
  5 phantasmal warriors
  5 mana vipers
  9 orc sorcerers
  20 ugly things
  2 moths of wrath (Swamp:1)
  6 cyclopes
  2 oklob plants (Lair:3)
  3 wolf spiders
  A wolf spider (shapeshifter) (Elf:1)
  A shining eye (shapeshifter) (Elf:1)
  14 harpies
  8 salamanders
  58 deep elf magi
  4 manticores
  4 elephants (Lair:4)
  32 black mambas
  3 guardian serpents
  Joseph (D:10)
  2 apocalypse crabs (Elf:1)
  17 spiny frogs
  An elephant (shapeshifter) (Vaults:1)
  18 naga magi
  2 torpor snails
  14 vault sentinels
  4 swamp worm zombies (Swamp:4)
  2 rime drakes
  Maggie (D:6)
  2 spiny frogs (shapeshifter)
  A kobold demonologist (D:11)
  A komodo dragon (shapeshifter) (Elf:1)
  3 komodo dragons
  7 freezing wraiths
  A yaktaur skeleton (Vaults:1)
  2 hydra zombies (Swamp:4)
  28 yaktaurs
  A meliai (shapeshifter) (Vaults:5)
  2 trolls (shapeshifter)
  7 trolls
  6 polar bears
  A polar bear (shapeshifter) (Elf:2)
  3 alligator zombies (Swamp:4)
  19 bog bodies
  9 tyrant leeches
  11 hornets
  A slime creature (shapeshifter) (Elf:1)
  A spectral swamp dragon (Swamp:4)
  10 blink frogs
  A raiju (shapeshifter) (Elf:1)
  A dream sheep (Lair:6)
  36 slime creatures
  5 hippogriffs
  A snapping turtle (shapeshifter) (Elf:1)
  2 redbacks (Vaults:1)
  2 spriggans (shapeshifter)
  An air elemental (Elf:1)
  4 spriggans (Lair:6)
  32 yaks
  10 shadows
  A yak (shapeshifter) (Vaults:3)
  A wyvern (shapeshifter) (D:11)
  2 vampires (D:11)
  5 wraiths
  3 wyverns
  5 water elementals
  4 basilisks
  Grum (D:10)
  17 humans
  A golden eye (shapeshifter) (Elf:1)
  2 fire elementals (Elf:1)
  4 hogs (D:7)
  4 hungry ghosts
  A deep troll zombie (Vaults:1)
  26 vampire mosquitoes
  8 insubstantial wisps (Swamp:4)
  41 nagas
  An ogre zombie (Vaults:1)
  8 wargs
  A soldier ant (D:14)
  15 swamp worms
  2 acid dragons
  An ogre skeleton (Vaults:1)
  11 water moccasins
  4 ice beasts
  10 porcupines
  10 phantoms
  12 swamp drakes
  4 black bears
  57 orc warriors
  2 eyes of draining
  5 swamp dragon zombies (Swamp:4)
  An elf zombie (Vaults:1)
  4 sky beasts
  2 slaves (D:6)
  10 necrophages
  10 boggarts
  20 centaurs
  An orc skeleton (Vaults:1)
  24 wolves
  15 crocodiles
  44 ogres
  Blork the orc (D:4)
  2 big kobolds
  2 yaktaur zombies (Vaults:1)
  17 bullfrogs
  2 wyvern zombies
  A water moccasin zombie (D:5)
  2 earth elementals
  A wyvern skeleton (D:8)
  4 scorpions
  A water moccasin skeleton (D:8)
  61 killer bees
  11 wights
  2 howler monkeys (D:13)
  A crimson imp (D:8)
  A bullfrog zombie (D:6)
  6 centaur zombies
  12 hounds
  A quasit (D:12)
  4 centaur skeletons
  3 bullfrog skeletons
  16 orc wizards
  23 orc priests
  8 jellies
  Crazy Yiuf (D:6)
  3 spectral swamp drakes (Swamp:4)
  7 hell rats (Lair:3)
  6 iguanas
  7 worker ants
  2 hound skeletons
  2 swamp drake zombies (Swamp:4)
  16 adders
  3 shadow imps
  An ooze (D:3)
  3 adder skeletons
  3 worms
  A dart slug (D:1)
  2 leopard geckos
  113 orcs
  10 bats
  4 giant cockroaches
  6 goblins
  8 hobgoblins
  8 jackals
  3 quokkas
  A ball python (Snake:3)
  4 frilled lizards
  14 kobolds
  A quokka skeleton (D:8)
  A quokka zombie (D:8)
  11 rats
  A plant (Lair:3)
1688 creatures vanquished.

Vanquished Creatures (collateral kills)
  A vault warden (Vaults:2)
  A deep elf annihilator (Vaults:5)
  An ettin (Vaults:4)
  A crystal guardian (Vaults:4)
  A deep elf high priest (Elf:1)
  A naga warrior (Snake:4)
  9 vault guards
  11 two-headed ogres
  A dancing weapon (Elf:2)
  4 orc high priests (Elf:2)
  3 ogre magi
  2 naga sharpshooters (Snake:1)
  Sonja (Orc:1)
  5 deep elf knights
  A salamander mystic (Snake:4)
  A naga ritualist (Snake:3)
  5 ironbrand convokers
  3 orc knights
  A phantasmal warrior (Vaults:4)
  A mana viper (Snake:2)
  2 ugly things (Vaults:1)
  13 deep elf magi
  3 salamanders
  A vault sentinel (Vaults:4)
  A black mamba (Snake:3)
  2 naga magi (Snake:4)
  3 hornets
  7 spriggans
  A yak (Lair:4)
  33 nagas
  4 orc warriors
  8 ogres
  A big kobold (D:11)
  2 killer bees (Lair:4)
  2 wights (D:14)
  3 orc priests (Elf:2)
  3 orcs
143 creatures vanquished.

Vanquished Creatures (others)
  2 ironheart preservers
  A deep elf mage (Elf:2)
  A tyrant leech (Swamp:4)
  A blink frog (Swamp:4)
  42 dancing weapons
  A water elemental (Elf:1)
  An orc warrior (Orc:2)
  A slave (D:6)
  A crimson imp (D:6)
  An orc wizard (D:5)
  2 orcs
  A briar patch (Swamp:4)
  A bush (Lair:3)
  30 fungi
  29 plants
115 creatures vanquished.

Grand Total: 1946 creatures vanquished

Notes
Turn   | Place    | Note
-------+----------+-------------------------------------------
     0 | D:1      | BenSoosneb the Spriggan Enchanter began the quest for the
                  | Orb.
     0 | D:1      | Reached XP level 1. HP: 9/9 MP: 5/5
   557 | D:1      | Reached XP level 2. HP: 12/13 MP: 4/6
   561 | D:1      | Learned a level 2 spell: Ensorcelled Hibernation
   586 | D:1      | Reached skill level 5 in Stealth
  1323 | D:2      | Reached XP level 3. HP: 14/16 MP: 2/8
  2121 | D:2      | Reached skill level 6 in Stealth
  2988 | D:3      | Reached XP level 4. HP: 21/21 MP: 4/9
  2993 | D:3      | Learned a level 3 spell: Confusing Touch
  3813 | D:3      | Reached skill level 7 in Stealth
  3893 | D:3      | Noticed an ogre
  3909 | D:3      | Killed an ogre
  3909 | D:3      | Reached XP level 5. HP: 24/24 MP: 2/10
  5083 | D:4      | Reached skill level 8 in Stealth
  5386 | D:4      | Reached XP level 6. HP: 28/28 MP: 8/11
  5727 | D:4      | Learned a level 2 spell: Slow
  5729 | D:4      | Noticed Blork the orc
  5980 | D:4      | Killed Blork the orc
  5980 | D:4      | Reached skill level 5 in Short Blades
  6223 | D:5      | Entered Level 5 of the Dungeon
  6285 | D:5      | Reached skill level 9 in Stealth
  7290 | D:5      | Found a shimmering blue altar of Sif Muna.
  7591 | D:6      | Reached XP level 7. HP: 32/32 MP: 12/12
  7811 | D:6      | Noticed Pikel
  8175 | D:6      | Found Noej's Elemental Accessories.
  8177 | D:6      | Reached skill level 10 in Stealth
  8299 | D:6      | Found a shimmering blue altar of Sif Muna.
  8404 | D:6      | Killed Pikel
  8404 | D:6      | Reached skill level 5 in Hexes
  8404 | D:6      | Reached XP level 8. HP: 32/36 MP: 6/13
  9142 | D:6      | Noticed Maggie
  9153 | D:6      | Killed Maggie
  9250 | D:6      | Found a runed translucent door.
  9251 | D:6      | Noticed Crazy Yiuf
  9258 | D:6      | Killed Crazy Yiuf
  9329 | D:7      | Found a staircase to the Ecumenical Temple.
  9510 | Temple   | Entered the Ecumenical Temple
  9732 | Temple   | Became a worshipper of Dithmenos the Shadowed
  9923 | D:7      | HP: 1/36 [orc priest/divine providence (11)]
 10252 | D:6      | Reached XP level 9. HP: 35/39 MP: 10/14
 10771 | D:7      | Found a transporter.
 10775 | D:7      | Found a transporter.
 10775 | D:7      | Noticed Flugslaktarn's ghost (novice FoFi)
 11213 | D:7      | Reached skill level 10 in Short Blades
 11324 | D:7      | Reached skill level 10 in Hexes
 11533 | D:7      | Reached skill level 1 in Fighting
 12355 | D:8      | Learned a level 3 spell: Tukima's Dance
 12385 | D:8      | Found Yrelo Kaof's Assorted Antiques.
 12393 | D:8      | Bought a pink potion for 18 gold pieces
 12393 | D:8      | Bought a large golden amulet for 100 gold pieces
 12393 | D:8      | Bought a scroll labeled ICOCRI JIRCHES for 20 gold pieces
 12431 | D:8      | Noticed a two-headed ogre
 12460 | D:8      | Reached * piety under Dithmenos
 12548 | D:8      | Noticed Erica
 12572 | D:8      | Reached XP level 10. HP: 47/47 MP: 12/15
 12720 | D:8      | Killed Erica
 13024 | D:8      | Found a staircase to the Lair.
 13612 | D:8      | Reached skill level 5 in Fighting
 14003 | D:8      | Killed a two-headed ogre
 14275 | D:8      | Reached ** piety under Dithmenos
 14641 | Lair:1   | Entered Level 1 of the Lair of Beasts
 14840 | Lair:1   | Noticed a black mamba
 14846 | Lair:1   | Killed a black mamba
 14846 | Lair:1   | Reached XP level 11. HP: 56/56 MP: 16/16
 15348 | Lair:2   | Noticed a five-headed hydra
 15362 | Lair:2   | Killed a five-headed hydra
 16210 | D:8      | Bought a hardcover book for 300 gold pieces
 16392 | Lair:3   | Noticed Snorg
 16956 | Lair:3   | Found a basalt altar of Yredelemnul.
 16966 | Lair:3   | Found a staircase to the Snake Pit.
 17131 | Lair:3   | Noticed an oklob plant
 17131 | Lair:3   | Noticed an oklob plant
 17789 | Lair:3   | Found a staircase to the Swamp.
 17813 | Lair:3   | Killed Snorg
 18723 | Lair:4   | Reached *** piety under Dithmenos
 19018 | Lair:4   | Reached XP level 12. HP: 65/65 MP: 12/17
 19868 | Lair:4   | Got a dazzling cloak
 19879 | Lair:4   | Identified the +2 cloak of Grace {rF+ rC+ Str+4 Int+3} (You
                  | found it on level 4 of the Lair of Beasts)
 19911 | Lair:4   | Reached **** piety under Dithmenos
 20153 | Lair:4   | Reached skill level 5 in Dodging
 20889 | Lair:4   | Reached skill level 11 in Stealth
 20997 | Lair:4   | Noticed an eight-headed hydra
 20998 | Lair:4   | Found a runed translucent door.
 20998 | Lair:4   | Noticed MisterFreud's ghost (journeyman OpGl)
 21200 | Lair:5   | Found a staircase to the Slime Pits.
 21500 | Lair:5   | Reached skill level 12 in Stealth
 21716 | Lair:5   | Identified a scroll of acquirement
 21716 | Lair:5   | Identified the ring of Gusch {rPois MP+9} (You acquired it
                  | on level 5 of the Lair of Beasts)
 21716 | Lair:5   | Identified the +2 robe of Chill Winds {rPois Regen+ rCorr}
                  | (You acquired it on level 5 of the Lair of Beasts)
 22010 | Lair:5   | Noticed a four-headed hydra
 22025 | Lair:5   | Killed a four-headed hydra
 22025 | Lair:5   | Reached skill level 10 in Dodging
 22212 | Lair:5   | Learned a level 3 spell: Dazzling Flash
 22615 | Lair:6   | Entered Level 6 of the Lair of Beasts
 22693 | Lair:6   | Noticed a five-headed hydra
 23063 | D:9      | Reached skill level 13 in Stealth
 23303 | D:9      | Found a stormy altar of Qazlal.
 23563 | D:10     | Entered Level 10 of the Dungeon
 23563 | D:10     | Found Gygom's Armour Shoppe.
 23650 | D:10     | Reached ***** piety under Dithmenos
 23726 | D:10     | Noticed Joseph
 23946 | D:10     | Reached XP level 13. HP: 69/69 MP: 13/21
 24152 | D:10     | Found a staircase to the Orcish Mines.
 24187 | D:10     | Learned a level 2 spell: Blink
 24196 | D:10     | Killed Joseph
 24222 | D:10     | Noticed Grum
 24280 | D:10     | Killed Grum
 24688 | D:11     | Found Ohuzxo's Food Emporium.
 25504 | D:11     | Identified the +6 scale mail "Fuaxt" {rPois rCorr}
 25779 | D:11     | Reached skill level 14 in Stealth
 27080 | Orc:1    | Entered Level 1 of the Orcish Mines
 27516 | D:12     | Reached skill level 5 in Spellcasting
 27543 | D:12     | Learned a level 6 spell: Invisibility
 27585 | D:12     | Found a portal to a secret trove of treasure.
 28818 | D:13     | Noticed Frances
 28822 | D:13     | Killed Frances
 28937 | D:13     | Reached ****** piety under Dithmenos
 30003 | D:14     | Reached XP level 14. HP: 63/74 MP: 22/22
 30362 | D:14     | Found a gate to the Vaults.
 31248 | Orc:2    | Entered Level 2 of the Orcish Mines
 31639 | Orc:2    | Reached skill level 15 in Hexes
 31869 | Orc:2    | Found a staircase to the Elven Halls.
 32509 | Orc:2    | Found Siuzoysom's Gadget Shoppe.
 32509 | Orc:2    | Found Kamexosm's Weapon Shop.
 32511 | Orc:2    | Found Cyizat's Jewellery Boutique.
 32513 | Orc:2    | Found Lureokh Sobo's Distillery.
 32520 | Orc:2    | Bought the amulet of Gozeh {Spirit rElec Str+3 Int+3} for
                  | 905 gold pieces
 32666 | Orc:2    | Bought a potion of magic for 128 gold pieces
 32666 | Orc:2    | Bought a potion of curing for 48 gold pieces
 32666 | Orc:2    | Bought a potion of curing for 48 gold pieces
 32912 | Orc:1    | Noticed Sonja
 32912 | Orc:1    | Noticed an orc warlord
 33352 | Orc:1    | Killed Sonja
 33448 | Orc:1    | Killed an orc warlord
 33448 | Orc:1    | Reached skill level 15 in Stealth
 33635 | Orc:1    | Found a roughly hewn altar of Beogh.
 34232 | Lair:6   | Reached skill level 15 in Dodging
 34496 | Lair:6   | Got a crude silver ring
 34505 | Lair:6   | Identified the ring of Salvation {rElec rF- rC+++ EV+4
                  | Int+6} (You found it on level 6 of the Lair of Beasts)
 35146 | Lair:6   | Reached skill level 16 in Stealth
 36666 | Snake:1  | Entered Level 1 of the Snake Pit
 36856 | Lair:3   | Reached XP level 15. HP: 71/78 MP: 23/23
 37584 | Snake:1  | Reached skill level 17 in Stealth
 39422 | Snake:1  | Reached skill level 18 in Stealth
 40501 | Snake:2  | You fall into a shaft and drop 1 floor!
 40517 | Snake:3  | Noticed a nagaraja
 40529 | Snake:3  | Killed a nagaraja
 41471 | Snake:2  | Reached skill level 19 in Stealth
 41519 | Snake:2  | Noticed a nagaraja
 45129 | D:15     | Entered Level 15 of the Dungeon
 45693 | D:15     | Found a staircase to the Depths.
 45696 | D:15     | Reached XP level 16. HP: 82/82 MP: 24/24
 46083 | Swamp:1  | Entered Level 1 of the Swamp
 46267 | Swamp:1  | Noticed Nikola
 46268 | Swamp:1  | Killed Nikola
 46574 | Swamp:1  | Identified the +0 buckler of Chimes {*Corrode Regen+ Dex+3
                  | Stlth+} (You acquired it on level 1 of the Swamp)
 46574 | Swamp:1  | Identified the +5 rapier of the Omega Point {drain, rF++}
                  | (You acquired it on level 1 of the Swamp)
 47308 | Swamp:2  | Noticed a thorn hunter
 48429 | Swamp:2  | HP: 1/82 [bog body/bolt of cold (4)]
 48969 | Swamp:2  | Found a runed translucent gate.
 48969 | Swamp:2  | Found a runed translucent gate.
 48969 | Swamp:2  | Found a runed translucent gate.
 48969 | Swamp:2  | Noticed Erphumos's ghost (journeyman DDFi)
 49167 | Swamp:2  | Killed a thorn hunter
 50824 | Swamp:4  | Entered Level 4 of the Swamp
 50868 | Swamp:4  | Noticed a thorn hunter
 50880 | Swamp:4  | Found the +9 scales of the Dragon King {rPois rF+ rC+ MR+}
 53811 | Swamp:4  | Killed a thorn hunter
 53960 | Swamp:4  | Reached XP level 17. HP: 86/86 MP: 25/25
 53962 | Swamp:4  | Noticed a bone dragon
 54042 | Swamp:4  | Killed a bone dragon
 54520 | Swamp:4  | Got a decaying rune of Zot
 56609 | Snake:3  | Found Qesh's Jewellery Shop.
 56848 | Snake:3  | Found a white marble altar of Elyvilon.
 56858 | Snake:3  | Got a twitching platinum ring
 56859 | Snake:3  | Identified the ring of Myepsodgh {*Contam +Inv rN+ MR+
                  | Int+2} (You found it on level 3 of the Snake Pit)
 57065 | Snake:3  | Identified the +1 rapier "Niom" {chaos, +Fly Str+3} (You
                  | acquired it on level 3 of the Snake Pit)
 57167 | Snake:4  | Entered Level 4 of the Snake Pit
 57279 | Snake:4  | Reached skill level 1 in Conjurations
 60003 | Snake:4  | Reached skill level 5 in Conjurations
 60318 | Snake:4  | Reached skill level 1 in Translocations
 63981 | Snake:4  | Reached skill level 5 in Translocations
 64596 | Snake:4  | Got a serpentine rune of Zot
 65166 | Vaults:1 | Entered Level 1 of the Vaults
 65822 | Vaults:1 | Reached XP level 18. HP: 91/91 MP: 11/27
 66399 | Elf:1    | Entered Level 1 of the Elven Halls
 68292 | Elf:1    | Found a huge runed gate.
 68292 | Elf:1    | Found a huge runed gate.
 68292 | Elf:1    | Found a huge runed gate.
 68292 | Elf:1    | Found a huge runed gate.
 68292 | Elf:1    | Found a huge runed gate.
 68293 | Elf:1    | Found a huge runed gate.
 68293 | Elf:1    | Found a huge runed gate.
 68294 | Elf:1    | Found a huge runed gate.
 68504 | Elf:1    | Found a huge runed gate.
 68504 | Elf:1    | Found a huge runed gate.
 68506 | Elf:1    | Found a huge runed gate.
 68506 | Elf:1    | Found a huge runed gate.
 68507 | Elf:1    | Found a huge runed gate.
 68507 | Elf:1    | Found a huge runed gate.
 68508 | Elf:1    | Found a huge runed gate.
 68536 | Elf:1    | Found a huge runed gate.
 68536 | Elf:1    | Found a huge runed gate.
 68544 | Elf:1    | Found a huge runed gate.
 68545 | Elf:1    | Found a huge runed gate.
 68567 | Elf:1    | Found a huge runed gate.
 68567 | Elf:1    | Found a huge runed gate.
 68568 | Elf:1    | Found a huge runed gate.
 68569 | Elf:1    | Found a huge runed gate.
 68577 | Elf:1    | Found a huge runed gate.
 68577 | Elf:1    | Found a huge runed gate.
 68577 | Elf:1    | Found a huge runed gate.
 68577 | Elf:1    | Found a huge runed gate.
 68577 | Elf:1    | Found a huge runed gate.
 69705 | Elf:1    | Found a runed translucent gate.
 69705 | Elf:1    | Found a runed translucent gate.
 69705 | Elf:1    | Found a runed translucent gate.
 69705 | Elf:1    | Found a runed translucent gate.
 69705 | Elf:1    | Found a runed translucent gate.
 69706 | Elf:1    | Found a runed translucent gate.
 69924 | Elf:1    | Noticed a hellephant
 69958 | Elf:1    | Reached skill level 10 in Translocations
 70477 | Elf:1    | Gained mutation: Your mind is acute. (Int +2) [a shining
                  | eye]
 70544 | Elf:1    | Paralysed by you for 5 turns
 72004 | Elf:2    | Reached skill level 10 in Conjurations
 73298 | Elf:2    | Learned a level 4 spell: Iskenderun's Mystic Blast
 73937 | Elf:2    | Found a huge runed translucent gate.
 73937 | Elf:2    | Found a huge runed translucent gate.
 73937 | Elf:2    | Found a huge runed translucent gate.
 73937 | Elf:2    | Found a huge runed translucent gate.
 73937 | Elf:2    | Found a huge runed translucent gate.
 74183 | Elf:2    | Reached XP level 19. HP: 95/95 MP: 28/28
 75294 | Vaults:1 | Noticed Asterion
 75301 | Vaults:1 | Killed Asterion
 78241 | Vaults:2 | Found a staircase to the Crypt.
 78515 | Vaults:2 | Reached skill level 10 in Spellcasting
 78704 | Vaults:2 | Found Cuecone's Magic Scroll Emporium.
 80371 | Vaults:2 | Reached XP level 20. HP: 84/100 MP: 25/35
 80549 | Vaults:2 | Reached skill level 20 in Stealth
 80754 | Vaults:2 | You fall into a shaft and drop 1 floor!
 81982 | Vaults:2 | Reached skill level 21 in Stealth
 82229 | Vaults:2 | Upgraded the game from 0.25-a0-1056-g2efb326896 to
                  | 0.25-a0-1073-gf4359a17dd
 82233 | Vaults:2 | Identified the Volume of Supportive Conjuration (You
                  | acquired it on level 2 of the Vaults)
 82561 | Vaults:3 | Reached skill level 22 in Stealth
 83975 | Vaults:4 | Reached skill level 23 in Stealth
 85115 | Vaults:4 | Reached skill level 24 in Stealth
 85156 | Vaults:4 | Found Bichinar's Distillery.
 86003 | Vaults:4 | Bought a potion of heal wounds for 90 gold pieces
 86003 | Vaults:4 | Bought a potion of heal wounds for 90 gold pieces
 86003 | Vaults:4 | Bought a potion of haste for 180 gold pieces
 86142 | Vaults:4 | Reached skill level 25 in Stealth
 86198 | Vaults:4 | Reached XP level 21. HP: 103/103 MP: 21/36
 87252 | Vaults:4 | Reached skill level 26 in Stealth
 87968 | Vaults:5 | Entered Level 5 of the Vaults
 89032 | Vaults:4 | Reached skill level 27 in Stealth
 89516 | Vaults:5 | Reached skill level 15 in Short Blades
 92360 | Vaults:5 | Demolished by an Executioner

Illustrated notes

Levels and vault maps discovered:
D:1:      minmay_arrival_semitransparent, layout_loops_ring, minivault_11,
          chequers_serial_rivers_micro_d
D:2:      layout_loops_corners
D:3:      layout_basic, first_ration
D:4:      layout_cave_pools, uniq_blork_the_orc
D:5:      layout_loops_ring, tgw_sif
D:6:      layout_cave_pools, basic_altar, minmay_tree_intersection,
          nicolae_elemental_shop, uniq_pikel, uniq_crazy_yiuf_cottage,
          uniq_maggie
D:7:      layout_rooms, minmay_temple_entry_large_hall, gammafunk_ghost_arena,
          grunt_livestock
D:8:      layout_layer_cave, minmay_lair_entry_grove, serial_shops,
          nicolae_shop_overgrown_old_shop, minmay_increasing_density, uniq_erica
D:9:      layout_rooms, minmay_misc_feat_nine_boxes,
          nicolae_qazlal_general_emergency
D:10:     layout_long_grid, orc_0_dummy, serial_rivers,
          chequers_serial_rivers_room_b, chequers_serial_rivers_micro_b,
          chequers_serial_rivers_room_b, chequers_serial_rivers_small_3,
          chequers_serial_rivers_room_b, chequers_serial_rivers_marsh,
          serial_shops, nicolae_shop_temple_entry_statues_fountains,
          uniq_joseph, uniq_grum
D:11:     minmay_the_grid_square_5x5_4x4_mashed
          [minmay_the_grid_square_5x5_three, minmay_the_grid_square_5x5_inner_v,
          minmay_the_grid_square_5x5_six, minmay_the_grid_square_5x5_tie,
          minmay_the_grid_square_5x5_half_checkered,
          minmay_the_grid_square_5x5_prize_rear_guard,
          minmay_the_grid_square_5x5_prize_deathbox,
          minmay_the_grid_square_5x5_checkered_sparse,
          minmay_the_grid_square_5x5_meh,
          minmay_the_grid_square_5x5_prize_waves,
          minmay_the_grid_square_5x5_prize_pseudospiral,
          minmay_the_grid_square_5x5_doubleslash,
          minmay_the_grid_square_5x5_bite, minmay_the_grid_square_5x5_inset,
          minmay_the_grid_square_5x5_corner,
          minmay_the_grid_square_5x5_beaten_path], layout_gridville,
          serial_shops, shop, serial_undead, serial_undead_e, serial_undead_c,
          serial_undead_b, serial_undead_e, serial_undead_d, serial_undead_c,
          serial_undead_a, serial_undead_a
D:12:     layout_basic, nicolae_trove_entry_crossroad, minmay_more_statues
D:13:     layout_gridville, minmay_door_square, uniq_frances
D:14:     layout_irregular_city, grunt_vaults_entry_tiered,
          minmay_misc_feat_doors, unseen_surprise_small
D:15:     grunt_enter_depths_snipers, layout_basic, minmay_misc_feat_plants,
          minmay_shop_mayhem, hangedman_decor_opposing, lightli_corner_chamber,
          uniq_josephine, uniq_kirke
Temple:   kilobyte_greek_temple
Lair:1:   layout_cave_pods
Lair:2:   layout_regular_city
Lair:3:   layout_long_grid, minmay_swamp_entry_worms,
          minmay_snake_entry_guardpost_small, basic_altar, serial_bayou_shore_b,
          grunt_megastairs_5, minmay_lair_oklob_chamber, uniq_snorg
Lair:4:   wad_woods_minihive, layout_small_grid, ebering_ghost_inner_flame,
          serial_bayou_shore_b
Lair:5:   layout_cave_pods, slime_dummy, serial_bayou_pond_d,
          hangedman_lair_generics_rect, lemuel_fruit_tree,
          infiniplex_staircase_pool_2, serial_bayou_shore_a, lemuel_fruit_fields
Lair:6:   minmay_lair_end_enchanted_forest, layout_cave_pods, grunt_megastairs_4
Swamp:1:  layout_falls_marsh, nicolae_swamp_trees_clearing, ldierk_geyser,
          worms_lemuel, uniq_nikola
Swamp:2:  layout_basic_swamp, ebering_ghost_rock_garden,
          evilmike_swamp_ruin_rubble_1
Swamp:3:  layout_basic_swamp, serial_swamp_ruin, hangedman_swamp_ruin_wall,
          evilmike_swamp_ruin_house_5, swamp_pool5, hangedman_swamp_ravenous
Swamp:4:  swamp_pestilence, layout_basic_swamp, infiniplex_staircase_pool
Snake:1:  layout_grid_shapes, serial_bayou_pond_b
Snake:2:  cheibrodos_snake_ritualist_ritual, layout_layer_cave
Snake:3:  layout_rooms, basic_altar, serial_shops, shop, serial_bayou_pond_e,
          minmay_snake_pond, grunt_megastairs_2
Snake:4:  minmay_snake_end_coiled, layout_grid_shapes
Orc:1:    layout_caves, basic_altar, mines2_lemuel, uniq_sonja
Orc:2:    st_orc_rangers, layout_caves, mines_bat_river
Elf:1:    eino_elf_arrival_sip, layout_loops_corners, orc_legates, minivault_20,
          not_door_vault_due
Elf:2:    layout_geoelf_grid, special_room [special_room_orc]
Vaults:1: nicolae_vaults_diagonal_hallway_6, ontoclasm_vaults_claustrophobia,
          v_pattern_2, ontoclasm_vaults_ring_square, grunt_vaults_funnel,
          hangedman_vaults_restitches, layout_vaults_omnigrid, uniq_asterion
Vaults:2: vaults_room_stairs_pillars, nicolae_vaults_little_squares_6,
          v_misc_15, v_alt_pattern_1, v_misc_29,
          minmay_crypt_entry_simple_statues, ontoclasm_vaults_loading_screen,
          vaults_room_fours, hangedman_vaults_stretched_pinwheel,
          ontoclasm_vaults_loading_screen, ontoclasm_vaults_ring_large,
          v_misc_19, v_misc_18, vaults_room_corners, v_misc_31,
          layout_vaults_maze_snakey, serial_shops, shop,
          lightli_enter_wizlab_magi_temple
Vaults:3: grunt_vaults_hallway_short, hangedman_vaults_river_flow,
          vaults_room_door_hall, hangedman_vaults_pinch,
          nicolae_vaults_little_squares_6, vaults_standard_mumra_x,
          v_alt_pattern_3, grunt_vaults_focal, layout_vaults_chaotic_city,
          uniq_margery
Vaults:4: grunt_vaults_twisty, hangedman_vaults_slither, v_misc_1, st_star,
          vaults_dpeg_encased_lava, nicolae_vaults_mini_display_case,
          hangedman_vaults_stitches, hangedman_vaults_corner, v_alt_pattern_1,
          layout_vaults_omnibox, serial_shops, nicolae_shop_waterfront
Vaults:5: serial_shops

Skill      XL: |  1  2  3  4  5  6  7  8  9 10 11 12 13 14 15 16 17 18 19 20 21 |
---------------+----------------------------------------------------------------+-----
Stealth        | 5 6 7 8 9 10 13 14 16 19 25 27 | 27.0
Short Blades   | 2 3 4 5 7 8 10 12 14 16 | 16.3
Hexes          | 5 8 10 13 15 16 18 | 18.5
Fighting       | 2 5 8 |  8.5
Spellcasting   | 4 5 10 | 10.8
Dodging        | 11 14 16 18 20 21 | 21.3
Conjurations   | 7 10 12 | 12.6
Translocations | 6 12 | 12.4

Action                   |  1- 3 |  4- 6 |  7- 9 | 10-12 | 13-15 | 16-18 | 19-21 || total
-------------------------+-------+-------+-------+-------+-------+-------+-------++-------
Melee: Dagger            |    89 |   101 |   172 |   349 |  1140 |  1432 |    36 ||  3319
       Rapier            |       |       |    23 |    36 |       |   571 |       ||   630
       Quick blade       |       |       |       |       |       |       |  2231 ||  2231
 Fire: Hunting sling     |       |    13 |       |       |       |       |       ||    13
 Cast: Corona            |     5 |     1 |       |       |       |       |       ||     6
       Ensorcelled Hiber |    27 |    34 |    72 |   295 |   440 |   168 |   255 ||  1291
       Slow              |       |     1 |     5 |     1 |     6 |     1 |       ||    14
       Confusing Touch   |       |       |    10 |    19 |   102 |   245 |   155 ||   531
       Tukima's Dance    |       |       |       |     1 |    99 |   199 |   167 ||   466
       Dazzling Flash    |       |       |       |       |     3 |    10 |    13 ||    26
       Invisibility      |       |       |       |       |    10 |    19 |     6 ||    35
       Blink             |       |       |       |       |       |     3 |    12 ||    15
       Iskenderun's Myst |       |       |       |       |       |       |     1 ||     1
Evoke: Wand              |       |       |     1 |       |     3 |     9 |       ||    13
  Use: Scroll            |       |    15 |     9 |    12 |    11 |    16 |     5 ||    68
       Potion            |       |       |     1 |       |     1 |    12 |     4 ||    18
 Stab: Sleeping          |    27 |    29 |    48 |   182 |   348 |   198 |   214 ||  1046
       Confused          |       |       |     4 |    18 |    87 |   211 |   203 ||   523
       Distracted        |       |       |       |     2 |     6 |    21 |    18 ||    47
       Invisible         |       |       |       |       |    24 |    46 |    35 ||   105
       Paralysed         |       |       |       |       |       |     2 |       ||     2
  Eat: Ration            |     1 |     3 |     5 |    10 |    15 |    19 |    12 ||    65
Armor: Robe              |     3 |     9 |     7 |    19 |    40 |    83 |    40 ||   201
Dodge: Dodged            |    56 |    53 |    90 |   277 |   966 |  1620 |  1223 ||  4285

Table legend:
 A = Non-vault XP
 B = Vault XP
 C = Vault XP percentage of total XP
 D = Non-vault monster count
 E = Vault monster count
 F = Vault count percentage of total count
                 A         B        C        D         E       F
            +---------+---------+-------+---------+---------+-------
      Total |  412515 |  261692 |  38.8 |    1192 |     639 |  34.9
            +---------+---------+-------+---------+---------+-------
        D:1 |      22 |       0 |   0.0 |      13 |       0 |   0.0
        D:2 |      82 |       0 |   0.0 |      19 |       0 |   0.0
        D:3 |     210 |       0 |   0.0 |      20 |       0 |   0.0
        D:4 |     190 |     100 |  34.5 |      12 |       1 |   7.7
        D:5 |      88 |       3 |   3.3 |       4 |       1 |  20.0
        D:6 |     751 |    1051 |  58.3 |      18 |       3 |  14.3
        D:7 |    1113 |    1173 |  51.3 |      25 |       7 |  21.9
        D:8 |    2602 |    3210 |  55.2 |      27 |      19 |  41.3
        D:9 |     943 |       0 |   0.0 |      20 |       0 |   0.0
       D:10 |    2994 |    1002 |  25.1 |      37 |       5 |  11.9
       D:11 |    1900 |    7705 |  80.2 |      23 |      45 |  66.2
       D:12 |    3626 |       0 |   0.0 |      21 |       0 |   0.0
       D:13 |    6584 |    2424 |  26.9 |      36 |       1 |   2.7
       D:14 |    7777 |    6688 |  46.2 |      42 |      24 |  36.4
       D:15 |    4252 |    2278 |  34.9 |      17 |       3 |  15.0
     Temple |      41 |       0 |   0.0 |       1 |       0 |   0.0
     Lair:1 |    1126 |       0 |   0.0 |       5 |       0 |   0.0
     Lair:2 |    2456 |       0 |   0.0 |      10 |       0 |   0.0
     Lair:3 |    5042 |    4043 |  44.5 |      20 |      23 |  53.5
     Lair:4 |    5246 |    2302 |  30.5 |      19 |      38 |  66.7
     Lair:5 |    3475 |    3396 |  49.4 |      11 |       8 |  42.1
     Lair:6 |    7811 |    8282 |  51.5 |      31 |      47 |  60.3
    Swamp:1 |    8736 |    6437 |  42.4 |      28 |      10 |  26.3
    Swamp:2 |   11119 |       0 |   0.0 |      32 |       0 |   0.0
    Swamp:3 |   13338 |    5068 |  27.5 |      33 |      18 |  35.3
    Swamp:4 |   11702 |   12722 |  52.1 |      26 |      40 |  60.6
    Snake:1 |   19423 |    1411 |   6.8 |      40 |       3 |   7.0
    Snake:2 |   13803 |    2563 |  15.7 |      33 |       5 |  13.2
    Snake:3 |   12048 |    4073 |  25.3 |      27 |      10 |  27.0
    Snake:4 |   24093 |   17131 |  41.6 |      47 |      42 |  47.2
      Orc:1 |    3777 |     649 |  14.7 |      36 |       1 |   2.7
      Orc:2 |    5604 |    4637 |  45.3 |      25 |      44 |  63.8
      Elf:1 |   22627 |   17191 |  43.2 |      42 |      44 |  51.2
      Elf:2 |   27443 |   33751 |  55.2 |      50 |      54 |  51.9
   Vaults:1 |   38163 |   15824 |  29.3 |      91 |      21 |  18.8
   Vaults:2 |   46690 |   14164 |  23.3 |      95 |      22 |  18.8
   Vaults:3 |   30690 |    8544 |  21.8 |      45 |      14 |  23.7
   Vaults:4 |   60303 |   60325 |  50.0 |     100 |      77 |  43.5
   Vaults:5 |    4625 |   13545 |  74.5 |      11 |       9 |  45.0
            +---------+---------+-------+---------+---------+-------
